 Dungeon Crawl Stone Soup version 0.26-a0-720-g2a1d101370 (webtiles) character file.

Game seed: 15903111094775748793

1215 Decritt the Covered (level 8, 11/73 HPs)
             Began as a Deep Dwarf Fighter on Nov 2, 2020.
             Quit the game on level 6 of the Dungeon.
             The game lasted 00:17:35 (4153 turns).

Decritt the Covered (Deep Dwarf Fighter)            Turns: 4153, Time: 00:17:36

Health: 11/73      AC: 16    Str: 26    XL:     8   Next: 22%
Magic:  0/0        EV: 10    Int:  9    God:
Gold:   209        SH: 10    Dex: 12    Spells: 7/7 levels left

rFire    . . .     SeeInvis .   w - +1 mace (protect)
rCold    . . .     Faith    .   c - +0 kite shield
rNeg     . . .     Spirit   .   b - +0 scale mail
rPois    .         Reflect  .   s - +0 helmet
rElec    .         Harm     .   (no cloak)
rCorr    .         Rampage  .   (no gloves)
MR       +....     Rnd*Rage +   (no boots)
Stlth    ..........             (no amulet)
HPRegen  0.00/turn              q - +6 ring of strength
MPRegen  0.07/turn              (no ring)

@: protection aura, non-regenerating
A: damage resistance, heal wounds, repulsion field 1, berserk 1, sense
surroundings 1, weak 1, evolution 1, no regeneration
a: Heal Wounds


You were on level 6 of the Dungeon.
You visited 1 branch of the dungeon, and saw 6 of its levels.

You collected 209 gold pieces.

Inventory:

Hand Weapons
 a - a +0 war axe
 i - a +1 flail of draining
 w - a +1 mace of protection (weapon)
Missiles
 e - 38 poisoned darts (quivered)
Armour
 b - a +0 scale mail (worn)
 c - a +0 kite shield (worn)
 s - a +0 helmet (worn)
Jewellery
 q - a +6 ring of strength (left hand)
Wands
 p - a wand of acid (8)
 u - a wand of flame (30)
Scrolls
 g - a scroll of amnesia {unknown}
 h - 2 scrolls of immolation
 j - 2 scrolls of remove curse
 k - a scroll of magic mapping {unknown}
 l - a scroll of noise {unknown}
 m - a scroll of enchant armour {unknown}
 n - a scroll of random uselessness {unknown}
 r - 2 scrolls of identify
Potions
 d - a potion of might
 f - 2 potions of flight
 o - a potion of heal wounds


   Skills:
 + Level 4.4 Fighting
 * Level 6.4 Axes
 * Level 6.8 Armour
 + Level 5.4 Shields
 - Level 3.0 Evocations


You had 7 spell levels left.
You didn't know any spells.
Your spell library was empty.

Dungeon Overview and Level Annotations

Branches:
Dungeon (6/15)
 Temple: D:4-7

Altars:
Fedhas
Nemelex Xobeh
Yredelemnul
The Shining One


Innate Abilities, Weirdness & Mutations

You are resistant to damage.
You can heal yourself by infusing magical energy.
You passively map a small area around you.
You do not regenerate.
You are surrounded by a mild repulsion field. (EV +2)
You tend to lose your temper in combat.
You are weak. (Str -2)
You evolve.


Message History

Found 16 gold pieces.
You feel yourself slow down.
You now have 209 gold pieces (gained 16).
You feel yourself speed up.
You recover from your berserk rage.
Found a scroll labeled SUPPOT XOSOEHA.
l - a scroll labeled SUPPOT XOSOEHA
Found a scroll of identify.
r - a scroll of identify;
s - a +0 helmet (worn)
r - 2 scrolls of identify (gained 1)
A bullfrog comes into view.
The bullfrog gives a loud, deep croak!
You are too injured to fight recklessly!
The bullfrog hits you but does no damage.
You hit the bullfrog.
Your weapon exudes an aura of protection.
The bullfrog is lightly wounded.
You block the bullfrog's attack. The bullfrog hits you.
* * * LOW HITPOINT WARNING * * *
Are you sure you want to abandon this character and quit the game? (Confirm with "yes".)

.##.........####.........#
* #.# #..##.#...#
##.......## , ...
,*#..*#.#.#.# ##.....##
#.# #..##.#.#.# ##...## *
* *#.........## ##+## ,,,
.........# * *
###.##.#.### ,*
#....#...#####.### ,
#..#####..@F...... ##.
#...###...... # #.###
...#. ... .## ###** # , *
,


You could see a bullfrog.

Vanquished Creatures
  An orc warrior (D:5)
  2 phantoms (D:5)
  A necrophage (D:5)
  An ogre (D:6)
  A scorpion (D:4)
  A howler monkey (D:5)
  2 bullfrog skeletons (D:5)
  2 hounds
  An orc priest (D:3)
  A gnoll shaman (D:5)
  2 iguanas (D:4)
  3 worker ants
  Natasha (D:4)
  3 orc wizards
  A hound zombie (D:5)
  5 adders
  9 gnolls
  A howler monkey skeleton (D:4)
  A shadow imp (D:5)
  2 white imps (D:5)
  2 oozes (D:1)
  A worm (D:3)
  4 dart slugs
  A leopard gecko (D:4)
  7 orcs
  4 giant cockroaches
  9 hobgoblins
  7 jackals
  8 kobolds
  A ball python (D:2)
  10 bats
  7 frilled lizards
  6 goblins
  A quokka skeleton (D:4)
  8 rats
117 creatures vanquished.

Notes
Turn   | Place    | Note
-------+----------+-------------------------------------------
     0 | D:1      | Decritt the Deep Dwarf Fighter began the quest for the Orb.
     0 | D:1      | Reached XP level 1. HP: 20/20 MP: 1/1
    53 | D:1      | Reached XP level 2. HP: 22/27 MP: 2/2
   293 | D:1      | Reached XP level 3. HP: 30/33 MP: 3/3
   834 | D:2      | Reached XP level 4. HP: 38/42 MP: 4/4
  1034 | D:2      | Found a glowing golden altar of the Shining One.
  1217 | D:2      | Found a basalt altar of Yredelemnul.
  1628 | D:2      | Noticed an angel
  2155 | D:3      | Reached XP level 5. HP: 28/49 MP: 5/5
  2718 | D:4      | Reached skill level 5 in Armour
  2718 | D:4      | Reached XP level 6. HP: 53/56 MP: 4/4
  2920 | D:4      | Found a sparkling altar of Nemelex Xobeh.
  3073 | D:4      | Noticed Natasha
  3087 | D:4      | Killed Natasha
  3087 | D:4      | Reached skill level 1 in Evocations
  3215 | D:5      | Entered Level 5 of the Dungeon
  3224 | D:5      | Reached skill level 5 in Axes
  3248 | D:5      | Reached XP level 7. HP: 51/63 MP: 5/5
  3465 | D:5      | Reached skill level 5 in Shields
  3647 | D:5      | Reached XP level 8. HP: 72/72 MP: 2/2
  4040 | D:5      | Gained mutation: You are weak. (Str -2) [potion of
                  | mutation]
  4040 | D:5      | Gained mutation: You are surrounded by a mild repulsion
                  | field. (EV +2) [potion of mutation]
  4040 | D:5      | Gained mutation: You tend to lose your temper in combat.
                  | [potion of mutation]
  4040 | D:5      | Gained mutation: You evolve. [potion of mutation]
  4061 | D:6      | Found a blossoming altar of Fedhas.
  4153 | D:6      | Quit the game

Illustrated notes

Levels and vault maps discovered:
D:1:      ncdulo_lavacross, layout_loops_ring, kennysheep_minor_cross
D:2:      layout_basic, grunt_temple_overflow_holy_war, minmay_heptomino_w4
D:3:      layout_rooms, kennysheep_generic_room_7
D:4:      layout_gridville, nemelex_lonely_heart_becter, uniq_natasha
D:5:      layout_basic, minmay_misc_feat_ornament
D:6:      layout_loops_corners, nicolae_overflow_crystal_walls,
          minmay_temple_entry_drinking_statues, kennysheep_generic_room_3

Skill      XL: |  1  2  3  4  5  6  7 |
---------------+----------------------+-----
Fighting       | 3 4 |  4.4
Axes           | 3 4 5 6 |  6.4
Armour         | 4 5 6 |  6.8
Shields        | 4 5 |  5.4
Evocations     | 1 3 |  3.0

Action                   |  1- 3 |  4- 6 |  7- 9 || total
-------------------------+-------+-------+-------++-------
Melee: War axe           |    94 |    52 |       ||   146
       Flail             |       |    88 |    72 ||   160
       Mace              |       |       |    60 ||    60
Throw: Dart              |    61 |   155 |    61 ||   277
 Abil: Heal Wounds       |     2 |     7 |     8 ||    17
  Use: Scroll            |       |     7 |     1 ||     8
       Potion            |       |       |     4 ||     4
Armor: Scale mail        |    31 |    45 |    90 ||   166
Dodge: Dodged            |    33 |    35 |    59 ||   127
Block: Kite shield       |    49 |    54 |    98 ||   201

Table legend: (Time is in decaauts)
 A = Elapsed time spent in this place.
 B = Non-inter-level travel time spent in this place.
 C = Inter-level travel time spent in this place.
 D = Time resting spent in this place.
 E = Time spent auto-exploring this place.
 F = Levels seen in this place.
 G = Mean time per level.
                   A        B        C        D        E       F      G
               +--------+--------+--------+--------+--------+-----+--------+
         Total |   4297 |   4196 |    101 |    329 |   2515 |   6 |  716.2 |
       Dungeon |   4297 |   4196 |    101 |    329 |   2515 |   6 |  716.2 |
               +--------+--------+--------+--------+--------+-----+--------+

Top non-repeatable levels by time:
     D:2: 1205 daAuts
     D:5: 886 daAuts
     D:1: 817 daAuts
     D:3: 663 daAuts
     D:4: 630 daAuts
     D:6: 92 daAuts
